 Dungeon Crawl Stone Soup version 0.14-a0-2001-g390038d (webtiles) character file.

3973 Kae the Bludgeoner (level 9, -6/70 HPs)
             Began as a Minotaur Fighter on Jan 18, 2014.
             Was a Believer of Okawaru.
             Mangled by an orc warrior
             ... wielding a +0,+1 orcish glaive
              (16 damage)
             ... in a bailey.
             The game lasted 00:18:38 (9543 turns).

Kae the Bludgeoner (Minotaur Fighter)               Turns: 9543, Time: 00:18:38

HP  -6/70        AC  8     Str 24      XL: 9   Next: 90%
MP   4/4         EV  7     Int  5      God: Okawaru [**....]
Gold 287         SH 18     Dex 10      Spells:  0 memorised,  8 levels left

rFire  . . .     SeeInvis .     a - +1,-2 mace
rCold  . . .     Clarity  .     b - +0 scale mail
rNeg   + . .     Conserve .     c - -1 shield
rPois  .         rCorr    .     (helmet restricted)
rElec  .         rRot     .     (no cloak)
SustAb . .       Spirit   .     (no gloves)
rMut   .         Warding  +     A - +0 pair of dwarf boots
Saprov . . .     Stasis   .     r - cursed amulet of warding
MR     .....                    (no ring)
                                (no ring)

@: not resistant to hostile enchantments, extremely unstealthy
A: retaliatory headbutt, horns 2
a: Heroism, Renounce Religion


You were in a bailey.
You worshipped Okawaru.
Okawaru was pleased with you.
You were not hungry.

You visited 2 branches of the dungeon, and saw 9 of its levels.
You also visited: Sewer and Bailey.

You collected 287 gold pieces.

Inventory:

Hand weapons
 a - a +1,-2 mace (weapon)
Armour
 b - a +0 scale mail (worn)
 c - a -1 shield (worn)
 e - a +1 pair of gloves
 A - a +0 pair of dwarven boots (worn)
Magical devices
 h - a wand of random effects (6)
Comestibles
 d - 4 bread rations
 f - a chunk of orc flesh
 n - a pear
 x - 5 meat rations
 G - an orange
 I - an apple
 J - a lemon
Scrolls
 i - a scroll of remove curse
 m - a scroll of blinking
 s - 2 scrolls of enchant weapon I
 z - a scroll of enchant weapon II
Jewellery
 o - an uncursed ring of fire
 r - a cursed amulet of warding (around neck)
 y - an uncursed ring of ice
 D - an uncursed amulet of resist corrosion {unknown}
 L - an uncursed amulet of resist mutation
Potions
 g - a potion of confusion
 l - 3 potions of magic
 q - 2 potions of agility
 t - 2 potions of cure mutation
 u - a potion of resistance {unknown}
 v - a potion of degeneration {unknown}
 B - a potion of might
 F - 2 potions of brilliance
 H - 2 potions of lignification
Books
 k - a book of Necromancy

   Spells                             Type                      Level
   Pain                               Necromancy                   1
   Animate Skeleton                   Necromancy                   1
   Lethal Infusion                    Charms/Necromancy            2
   Vampiric Draining                  Necromancy                   3
   Regeneration                       Charms/Necromancy            3
   Animate Dead                       Necromancy                   4
   Control Undead                     Necromancy                   4
 K - a book of Fire

   Spells                             Type                      Level
   Fire Brand                         Charms/Fire                  2
   Ignite Poison                      Fire/Transmutation           5
   Fireball                           Conjuration/Fire             5
   Bolt of Fire                       Conjuration/Fire             6
   Delayed Fireball                   Conjuration/Fire             7
   Ring of Flames                     Charms/Fire                  7


   Skills:
 - Level 3.6 Fighting
 + Level 16.0 Maces & Flails
 - Level 3.6 Armour
 - Level 3.6 Shields


You had 8 spell levels left.
You didn't know any spells.

Dungeon Overview and Level Annotations

Branches:
Dungeon (8/16)             Temple (1/1) D:6
   Lair: D:8-11

Altars:
Ashenzari
Cheibriados
Dithmengos
Elyvilon
Fedhas
Kikubaaqudgha
Makhleb
Nemelex Xobeh
Okawaru
Sif Muna
Trog
Vehumet
Xom
Yredelemnul
Zin
the Shining One

Shops:
D:6 /

Annotations:
D:4 Elizilla's ghost, experienced FoFi


Innate Abilities, Weirdness & Mutations

You reflexively headbutt those who attack you in melee.
You have a pair of horns on your head.


Message History

Your headbutt misses the orc warrior.
The orc warrior is moderately wounded.
You miss the orc warrior.
The orc warrior is moderately wounded.
The orc warrior hits you with an orcish glaive!
You barely miss the orc warrior.
The orc warrior is moderately wounded.
The orc warrior hits you with an orcish glaive!
Your shield prevents you from hitting the orc warrior.
The orc warrior is moderately wounded.
You closely miss the orc warrior.
The orc warrior is moderately wounded.
The orc warrior hits you with an orcish glaive!
* * * LOW HITPOINT WARNING * * *
You hit the orc warrior. Your headbutt misses the orc warrior.
The orc warrior is moderately wounded.
You hit the orc warrior.
The orc warrior is heavily wounded.
The orc warrior hits you with an orcish glaive!
You die...

#.≈.##########
#.≈.##.....##..
#.≈..##...##..≈§§≈
#.≈≈..##.#'..≈≈..§.
##.≈≈..#'#..≈§§..⌠..
#∩.≈≈..#'#..≈≈§.o⌠⌠.
#.≈≈..## # ..§≈oo...
#.≈..## ..§≈≈≈≈≈
#.≈@## #....o..
#.≈o#########'# #+#
#.≈....o.....##.....
#.≈≈≈≈≈≈≈≈≈≈..##.∩.#
#..........≈≈..## ##
##########..≈≈..###.
##..≈≈.....
##..≈≈≈≈≈≈ ##.......


You could see an orc warrior.

Vanquished Creatures
  Eustachio (D:6)
  A hippogriff (D:8)
  3 wolves (D:8)
  An orc warrior (Bailey)
  An ice beast (D:8)
  An ogre (D:6)
  3 phantoms (D:6)
  A black bear (D:8)
  4 sky beasts (D:8)
  4 centaurs
  Duvessa (D:6)
  A giant frog (D:8)
  Blork the orc (D:5)
  3 killer bees
  Dowan (D:6)
  A crimson imp (D:8)
  A goliath beetle (D:7)
  6 hounds
  3 jellies
  A gnoll shaman (D:8)
  3 orc wizards
  3 scorpions
  2 orc priests
  5 worker ants
  A sky beast zombie (D:6)
  Jessica (D:3)
  An ogre skeleton (D:5)
  A hound skeleton (D:5)
  4 gnolls
  8 adders
  A green rat (D:6)
  2 giant mites
  An inept feature mimic (D:8)
  2 worms
  2 grey rats (D:6)
  A giant eyeball (D:4)
  30 orcs
  9 ball pythons
  A bat skeleton (D:7)
  9 hobgoblins
  17 jackals
  13 bats
  7 giant cockroaches
  8 giant geckos
  8 giant newts
  17 goblins
  A hobgoblin zombie (D:6)
  A jackal zombie (D:5)
  10 kobolds
  5 quokkas
  13 rats
  3 ballistomycetes
  2 plants (Sewer)
231 creatures vanquished.

Vanquished Creatures (others)
  2 gnolls (D:8)
  2 giant spores
4 creatures vanquished.

Grand Total: 235 creatures vanquished

Notes
Turn   | Place    | Note
--------------------------------------------------------------
     0 | D:1      | Kae, the Minotaur Fighter, began the quest for the Orb.
     0 | D:1      | Reached XP level 1. HP: 19/19 MP: 1/1
   101 | D:1      | Reached XP level 2. HP: 15/26 MP: 1/1
   307 | D:1      | Reached skill level 4 in Maces & Flails
   598 | D:2      | Reached XP level 3. HP: 14/31 MP: 2/2
   936 | D:2      | Reached skill level 5 in Maces & Flails
  1324 | D:2      | Found a glowing silver altar of Zin.
  1453 | D:3      | Reached XP level 4. HP: 39/39 MP: 2/2
  1756 | D:3      | Found a shadowy altar of Dithmengos.
  1840 | D:3      | Noticed Jessica
  1841 | D:3      | Found a sparkling altar of Nemelex Xobeh.
  1847 | D:3      | Killed Jessica
  1847 | D:3      | Reached skill level 6 in Maces & Flails
  1869 | D:3      | Found a burning altar of Makhleb.
  2228 | D:4      | Reached XP level 5. HP: 45/45 MP: 2/2
  2326 | D:4      | Reached skill level 7 in Maces & Flails
  2378 | D:4      | Found a glowing golden altar of the Shining One.
  2459 | D:4      | Noticed a centaur
  2472 | D:4      | Killed a centaur
  2472 | D:4      | Reached XP level 6. HP: 29/51 MP: 3/3
  2639 | D:4      | Reached skill level 8 in Maces & Flails
  2797 | D:5      | Entered Level 5 of the Dungeon
  2911 | D:4      | Noticed Elizilla's ghost (experienced FoFi)
  3237 | D:5      | Found a sparkling altar of Nemelex Xobeh.
  3411 | D:5      | Reached skill level 9 in Maces & Flails
  3474 | D:5      | Noticed Blork the orc
  3496 | D:5      | Reached XP level 7. HP: 27/57 MP: 3/3
  3506 | D:5      | Killed Blork the orc
  3945 | D:5      | Reached skill level 10 in Maces & Flails
  4287 | D:6      | Found Buicell's Magical Wand Emporium.
  4297 | D:6      | Found a staircase to the Ecumenical Temple.
  4356 | D:6      | Reached skill level 11 in Maces & Flails
  4464 | Temple   | Entered the Ecumenical Temple
  4567 | Temple   | Became a worshipper of Warmaster Okawaru
  4661 | D:6      | Reached XP level 8. HP: 58/64 MP: 3/3
  4710 | D:6      | Noticed Duvessa
  4710 | D:6      | Noticed Dowan
  4727 | D:6      | Killed Duvessa
  4745 | D:6      | Killed Dowan
  4775 | D:6      | Noticed Eustachio
  4790 | D:6      | Killed Eustachio
  4790 | D:6      | Reached skill level 12 in Maces & Flails
  5112 | D:6      | Found a glowing drain.
  5116 | Sewer    | Entered a sewer
  6278 | D:7      | Reached skill level 13 in Maces & Flails
  6762 | D:7      | Acquired Okawaru's first power
  7388 | D:7      | Reached XP level 9. HP: 63/70 MP: 4/4
  8069 | D:8      | Reached skill level 14 in Maces & Flails
  8220 | D:8      | Found Mnuit's Antique Armour Shop.
  8244 | D:8      | Mnuit's Antique Armour Shop was a mimic.
  8591 | D:8      | Reached skill level 15 in Maces & Flails
  8885 | D:8      | Found a flagged portal.
  9078 | Bailey   | Entered a bailey
  9204 | Bailey   | Reached skill level 16 in Maces & Flails
  9519 | Bailey   | Noticed an orc knight
  9543 | Bailey   | Mangled by an orc warrior

Action                   |  1- 3 |  4- 6 |  7- 9 || total
-------------------------+-------+-------+-------++-------
Melee: Mace              |    86 |   200 |   653 ||   939
Invok: Heroism           |       |       |     2 ||     2
Evoke: Wand              |       |       |     3 ||     3
  Use: Scroll            |     1 |       |    23 ||    24
       Potion            |       |     2 |     8 ||    10
 Stab: Distracted        |       |       |     1 ||     1
